 Dungeon Crawl Stone Soup version 0.21-a0-513-gdcb3f5e (webtiles) character file.

3128 theanonym the Fighter (level 9, -9/102 HPs)
             Began as an Ogre Fighter on Dec 1, 2017.
             Was a Priest of Zin.
             Mangled by a two-headed ogre
             ... wielding a +0 giant spiked club
              (27 damage)
             ... on level 8 of the Dungeon.
             The game lasted 00:18:42 (10883 turns).

theanonym the Fighter (Ogre Fighter)               Turns: 10883, Time: 00:18:42

Health: -9/102     AC:  3    Str: 22    XL:     9   Next: 92%
Magic:  0/12       EV:  5    Int:  9    God:    Zin [***...]
Gold:   199        SH: 17    Dex: 11    Spells: 8/8 levels left

rFire    . . .     SeeInvis .   j - +1 morningstar
rCold    . . .     Gourm    .   H - +1 large shield
rNeg     . . .     Faith    .   b - +0 robe
rPois    .         Spirit   +   (helmet restricted)
rElec    .         Reflect  +   F - scarf {Spirit}
rCorr    .         Harm     .   (gloves unavailable)
MR       .....                  (boots unavailable)
Stlth    ..........             E - +3 amulet of reflection
HPRegen  0.27/turn              p - ring of loudness (curse) {Stlth-}
MPRegen  0.13/turn              (no ring)

@: very slightly contaminated, drained
A: large, unfitting armour, tough skin 1
a: Recite, Vitalisation, Imprison, Donate Gold, Renounce Religion


Innate Abilities, Weirdness & Mutations

You are too large for most types of armour.
You have tough skin. (AC +1)


   Skills:
 + Level 10.3(9.3) Fighting
 * Level 9.6(8.6) Maces & Flails
 - Level 2.6(1.8) Dodging
 - Level 2.6(1.8) Shields
 - Level 5.0(4.1) Invocations


You had 8 spell levels left.
You didn't know any spells.

Skill      XL: |  1  2  3  4  5  6  7  8  9 |
---------------+----------------------------+-----
Maces & Flails | 2 3 4 5 6 7 9 |  9.6
Fighting       | 5 6 7 8 10 | 10.3
Invocations    | 2 4 5 |  5.0
Dodging        | |  2.6
Shields        | |  2.6

Action                   |  1- 3 |  4- 6 |  7- 9 || total
-------------------------+-------+-------+-------++-------
Melee: Flail             |    89 |   152 |   128 ||   369
       Morningstar       |       |       |   442 ||   442
Throw: Tomahawk          |       |       |    13 ||    13
Invok: Recite            |       |       |    27 ||    27
       Vitalisation      |       |       |    10 ||    10
       Donate Gold       |       |       |     1 ||     1
Evoke: Wand              |       |       |     8 ||     8
  Use: Potion            |       |     1 |     7 ||     8
       Scroll            |       |       |    16 ||    16
 Stab: Confused          |       |       |     3 ||     3
       Invisible         |       |       |     1 ||     1
  Eat: Chunk             |     2 |     6 |    14 ||    22
       Meat ration       |       |       |     3 ||     3
Armor: Robe              |    28 |    27 |    83 ||   138
Dodge: Dodged            |    41 |    65 |   187 ||   293
Block: Shield            |    47 |    75 |   210 ||   332
       Large shield      |       |       |   122 ||   122

Inventory:

Hand Weapons
 a - a +0 flail
 j - a +1 morningstar (weapon)
   (You took it off an orc on level 3 of the Dungeon)
 z - a +0 giant spiked club
   (You took it off an ogre on level 4 of the Dungeon)
Missiles
 A - 16 tomahawks (quivered)
Armour
 b - a +0 robe (worn)
 F - a scarf of spirit shield (worn)
   (You found it on level 6 of the Dungeon)
 H - a +1 large shield (worn)
   (You took it off an orc on level 7 of the Dungeon)
Jewellery
 p - a cursed ring of loudness (left hand) {Stlth-}
   (You found it on level 2 of the Dungeon)
 E - a +3 amulet of reflection (around neck)
   (You found it on level 6 of the Dungeon)
Wands
 d - a wand of digging (14)
   (You found it on level 2 of the Dungeon)
Scrolls
 e - a scroll of random uselessness {unknown}
 h - 2 scrolls of immolation {unknown}
 n - 5 scrolls of remove curse {unknown}
 t - 2 scrolls of teleportation {!r}
 u - a scroll of fear {unknown}
 y - 3 scrolls of magic mapping {!r}
Potions
 c - a potion of flight
 g - 3 potions of mutation
 i - a potion of berserk rage {unknown}
 k - a potion of ambrosia {unknown}
 m - a potion of invisibility
 o - a potion of haste {unknown}
 w - 7 potions of curing
 x - 2 potions of lignification
 B - a potion of degeneration {unknown}
 D - a potion of brilliance {unknown}
Comestibles
 f - 10 bread rations
 s - 3 meat rations
 v - 2 royal jellies

Dungeon Overview and Level Annotations

Branches:
Dungeon (8/15)             Temple (0/1) D:4
   Lair: D:8-11

Altars:
Elyvilon
Kikubaaqudgha
Okawaru
Qazlal
Xom
Yredelemnul
Zin
The Shining One

Shops:
D:6 }


You were on level 8 of the Dungeon.
You worshipped Zin.
Zin was most pleased with you.
You were full.

You visited 1 branch of the dungeon, and saw 8 of its levels.
You also visited: Sewer.

You collected 403 gold pieces.
You donated 204 gold pieces to Zin.


Message History

The two-headed ogre shouts in stereo!
The two-headed ogre easily resists.
You hear two shouts! x2
A two-headed ogre comes into view.
It is wielding a giant club and a dire flail.
Aim: a two-headed ogre, wielding a giant spiked club and a giant club (chance to defeat MR: 28%)
The two-headed ogre easily resists.
Aim: a two-headed ogre, wielding a giant spiked club and a giant club (chance to defeat MR: 28%)
The two-headed ogre easily resists.
Aim: a two-headed ogre, wielding a giant spiked club and a giant club (chance to defeat MR: 28%)
The two-headed ogre easily resists.
Aim: a two-headed ogre, wielding a giant spiked club and a giant club (chance to defeat MR: 28%)
The two-headed ogre easily resists.
The now-empty wand crumbles to dust.
Things that are here:
an enchanted war axe; a robe; a bullfrog skeleton You see here a black bear skeleton.
All of the chunks of flesh in your inventory have rotted away.
Items here: ))) [ a club; a flail; an enchanted trident; a robe
Things that are here:
a falchion; a ring mail
There is a stone staircase leading up here.
Okay, then.
You are not zealous enough to affect this audience!
You climb upwards.
There is a stone staircase leading down here.
Things that are here:
a robe; a dagger
Things that are here:
a plate armour; a glaive You are feeling hungry.
You can't go down here!
(D) Dungeon (T) Temple
Where to? (Enter - D:7 @ (x,y), ? - help)
There is a stone staircase leading down here.
You eat one of the 4 meat rations.
That meat ration really hit the spot!
You climb downwards.
There is a stone staircase leading up here.
Found a robe.
Found a robe.
f - 10 bread rations (gained 1)
You hear a distant blaring wail to the northeast.
Found a stone staircase leading down.
A two-headed ogre comes into view. It is wielding two giant clubs.
The two-headed ogre shouts in stereo!
A two-headed ogre is nearby!
A wight comes into view.
It is wielding a short sword of freezing.
The wight moves out of view.
A wight comes into view.
It is wielding an enchanted morningstar.
A jelly comes into view.
A wight comes into view. It is wielding an enchanted long sword.
The jelly quivers.
The wight moves out of view.
Zin grants you divine stamina.
You block the two-headed ogre's attack. x2
You now have 10/12 mp.
Your shield prevents you from hitting the two-headed ogre.
You block the two-headed ogre's attack.
The two-headed ogre hits you with a giant club!
You take 15 damage, and have 87/102 hp.
You now have 9/12 mp.
You hit the two-headed ogre.
You block the two-headed ogre's attack. x2
Really read
t - 3 scrolls of teleportation {!r}?
As you read the scroll of teleportation {!r}, it crumbles to dust.
You feel strangely unstable.
You sock the two-headed ogre! The two-headed ogre barely misses you.
The two-headed ogre hits you with a giant club!
You block the jelly's attack.
You take 12 damage, and have 75/102 hp.
You now have 8/12 mp.
You sock the two-headed ogre! You block the jelly's attack.
The two-headed ogre hits you with a giant club! x2
* * * LOW HITPOINT WARNING * * *
You block the jelly's attack.
You take 24 damage, and have 51/102 hp.
MASSIVE DAMAGE!!
You now have 6/12 mp.
You hit the two-headed ogre but do no damage.
Your surroundings suddenly seem different.
A two-headed ogre comes into view. It is wielding two giant spiked clubs.
You fade into invisibility!
You block the two-headed ogre's attack.
The two-headed ogre completely misses you.
You are very lightly contaminated with residual magic.
You hit the two-headed ogre. You block the two-headed ogre's attack.
The two-headed ogre hits you with a giant spiked club!!
* * * LOW MAGIC WARNING * * *;
* * * LOW HITPOINT WARNING * * *
You take 25 damage, and have 27/102 hp.
MASSIVE DAMAGE!!
You now have 3/12 mp.
There is a stone staircase leading down here.
You flicker for a moment.
Things that are here:
a ring mail; a falchion You flicker back into view.
Items here: ))) [ a robe; an enchanted trident; a flail; a club
Okay, then.
The two-headed ogre hits you with a giant spiked club!!
* * * LOW HITPOINT WARNING * * *
The two-headed ogre hits you with a giant spiked club!
* * * LOW MAGIC WARNING * * *;
* * * LOW HITPOINT WARNING * * *
You take 26 damage, and have 16/102 hp.
MASSIVE DAMAGE!!
You now have 4/12 mp.
Your divine stamina fades away.
The two-headed ogre hits you with a giant spiked club!!
* * * LOW MAGIC WARNING * * *
You die...

### .. ################
.. .............[[
#..###..........### #.
.............##
#####.###............#
#.....@##...[........#
#.....O##............#
#.......#............#
#.......#..).........#
.....................##
.........#.#####...[##
..###..###.# #....# ..
#.. ..# #....'... ..#.
#### #....####


You could see a two-headed ogre.

Notes
Turn   | Place    | Note
-------+----------+-------------------------------------------
     0 | D:1      | theanonym the Ogre Fighter began the quest for the Orb.
     0 | D:1      | Reached XP level 1. HP: 24/24 MP: 1/1
   131 | D:1      | Reached skill level 2 in Maces & Flails
   269 | D:1      | HP: 12/24 [goblin (3)]
   277 | D:1      | Reached XP level 2. HP: 9/32 MP: 2/2
  1397 | D:2      | Reached XP level 3. HP: 31/40 MP: 3/3
  1515 | D:2      | Reached skill level 3 in Maces & Flails
  1579 | D:2      | Noticed Jessica
  1593 | D:2      | Killed Jessica
  1593 | D:2      | Reached skill level 5 in Fighting
  1593 | D:2      | Reached XP level 4. HP: 32/50 MP: 4/4
  1773 | D:2      | Noticed Sigmund
  1787 | D:2      | Killed Sigmund
  1787 | D:2      | Reached skill level 4 in Maces & Flails
  1787 | D:2      | Reached XP level 5. HP: 50/59 MP: 5/5
  1787 | D:2      | Reached XP level 6. HP: 57/67 MP: 6/6
  1851 | D:2      | Noticed Robin
  1886 | D:2      | HP: 31/67 [Robin/spear (6)]
  1889 | D:2      | Killed Robin
  1889 | D:2      | Reached skill level 6 in Fighting
  2150 | D:2      | HP: 32/67 [kobold/whip (3)]
  2416 | D:2      | Found a glowing silver altar of Zin.
  2576 | D:2      | Became a worshipper of Zin the Law-Giver
  2576 | D:2      | Reached * piety under Zin
  2866 | D:3      | Reached skill level 5 in Maces & Flails
  3315 | D:3      | Found a basalt altar of Yredelemnul.
  3420 | D:3      | Reached XP level 7. HP: 76/76 MP: 7/7
  3490 | D:4      | Found a glowing drain.
  3630 | Sewer    | Entered a sewer
  3880 | Sewer    | HP: 38/76 [rat (1)]
  4220 | D:4      | Found a staircase to the Ecumenical Temple.
  4229 | D:4      | Reached skill level 1 in Invocations
  4229 | D:4      | HP: 37/76 [orc/flail (6)]
  4235 | D:4      | HP: 24/76 [worker ant (8)]
  4242 | D:4      | HP: 15/76 [poisoned by a worker ant]
  4248 | D:4      | HP: 15/76 [poisoned by a worker ant]
  4253 | D:4      | HP: 14/76 [orc/flail (1)]
  4663 | D:3      | theanonym: ??flails
  4663 | D:3      | beem: flails ~ flail[1/1]: (maces & flails; +0 acc / 10 dam / 1.4 base delay / 0.7 min delay). A mace with a short chain connecting the head to the haft.
  4663 | D:3      | theanonym: ??maces and flails
  4663 | D:3      | beem: maces & flails[1/2]: club (+3/5/1.3/0.6), whip (+2/6/1.1/0.5), hammer (+3/7/1.3/0.6), mace (+3/8/1.4/0.7), flail (+0/10/1.4/0.7), demon whip (+1/11/1.1/0.5), sacred scourge (+0/12/1.1/0.5), morningstar (-2/13/1.5/0.7), eveningstar (-1/15/1.5/0.7), dire flail (-3/13/1.3/0.6) [2], great mace (-4/17/1.7/0.7) [2], giant club (-6/20/1.7/0.7) [2], giant spiked club (-7/22/1.8/0.7) [2]
  4856 | D:4      | HP: 37/76 [ogre/giant spiked club (20)]
  4863 | D:4      | HP: 27/76 [poisoned by a worker ant]
  4871 | D:4      | HP: 26/76 [poisoned by a worker ant]
  4879 | D:3      | HP: 26/76 [ooze (2)]
  5422 | D:4      | Reached skill level 7 in Fighting
  5422 | D:4      | Reached skill level 6 in Maces & Flails
  5495 | D:4      | HP: 38/78 [poisoned by a worker ant]
  5500 | D:4      | HP: 25/78 [poisoned by a worker ant]
  5506 | D:4      | HP: 22/78 [poisoned by a worker ant]
  5513 | D:4      | HP: 21/78 [poisoned by a worker ant]
  5520 | D:4      | HP: 20/78 [poisoned by a worker ant]
  5528 | D:4      | HP: 20/78 [poisoned by a worker ant]
  5861 | D:4      | Reached ** piety under Zin
  5940 | D:4      | Reached skill level 2 in Invocations
  6157 | D:5      | Entered Level 5 of the Dungeon
  6191 | D:5      | Found a glowing golden altar of the Shining One.
  6196 | D:5      | Reached XP level 8. HP: 86/87 MP: 9/9
  6406 | D:5      | Reached skill level 3 in Invocations
  6484 | D:5      | Found an iron altar of Okawaru.
  6485 | D:5      | Found a stormy altar of Qazlal.
  6743 | D:6      | Reached *** piety under Zin
  6765 | D:6      | Found Osib's Gadget Shop.
  6934 | D:6      | HP: 44/88 [orc/trident (6)]
  6940 | D:6      | HP: 29/88 [orc/trident (3)]
  6945 | D:6      | HP: 20/88 [orc wizard/puff of flame (9)]
  7453 | D:6      | Reached skill level 7 in Maces & Flails
  7456 | D:6      | Reached skill level 8 in Fighting
  7494 | D:6      | HP: 42/88 [phantom (8)]
  7499 | D:6      | HP: 25/88 [phantom (4)]
  7504 | D:6      | HP: 41/88 [phantom (2)]
  7510 | D:6      | HP: 33/88 [phantom (4)]
  7521 | D:6      | HP: 29/88 [adder (2)]
  7527 | D:6      | HP: 19/88 [phantom (5)]
  7534 | D:6      | HP: 14/88 [phantom (7)]
  7544 | D:6      | HP: 9/88 [phantom (6)]
  7553 | D:6      | HP: 7/88 [phantom (4)]
  7716 | D:6      | HP: 42/89 [orc priest/divine providence (7)]
  7717 | D:6      | Reached skill level 4 in Invocations
  8505 | D:6      | Found a shimmering altar of Xom.
  8588 | D:7      | Reached XP level 9. HP: 77/97 MP: 8/12
  8635 | D:7      | HP: 46/97 [orc warrior/glaive (14)]
  8639 | D:7      | Reached skill level 8 in Maces & Flails
  8872 | D:7      | Found a white marble altar of Elyvilon.
  8872 | D:7      | Found an ancient bone altar of Kikubaaqudgha.
  8958 | D:7      | Reached skill level 9 in Fighting
  9129 | D:7      | Noticed a hornet
  9141 | D:7      | HP: 49/98 [hornet (12)]
  9145 | D:7      | HP: 24/98 [hornet (6)]
  9146 | D:7      | Killed a hornet
  9146 | D:7      | Reached skill level 5 in Invocations
  9511 | D:7      | Donated 164 gold pieces to Zin
  9732 | D:7      | Reached **** piety under Zin
  9880 | D:7      | HP: 43/98 [orc warrior/glaive (7)]
 10296 | D:8      | Noticed Gerstahl's ghost (novice DsGl)
 10318 | D:8      | Killed Gerstahl's ghost
 10318 | D:8      | Reached skill level 9 in Maces & Flails
 10331 | D:8      | Reached skill level 10 in Fighting
 10408 | D:8      | HP: 50/101 [hound (2)]
 10414 | D:8      | HP: 50/101 [hound (1)]
 10439 | D:8      | HP: 45/101 [wight/enchanted trident (10)]
 10444 | D:8      | HP: 44/101 [wight/enchanted trident (3)]
 10674 | D:8      | Noticed a two-headed ogre
 10675 | D:8      | Noticed a two-headed ogre
 10806 | D:8      | Noticed a two-headed ogre
 10817 | D:8      | HP: 51/102 [two-headed ogre/giant club (10)]
 10819 | D:8      | Noticed a two-headed ogre
 10822 | D:8      | HP: 27/102 [two-headed ogre/giant spiked club (25)]
 10877 | D:8      | HP: 27/102 [two-headed ogre/giant spiked club (15)]
 10883 | D:8      | Mangled by a two-headed ogre

Vanquished Creatures
  The ghost of Gerstahl the Skirmisher, a novice DsGl of Okawaru (D:8)
  A hornet (D:7)
  Sigmund (D:2)
  An orc warrior (D:7)
  A black bear (D:8)
  2 ogres
  2 phantoms
  A centaur (D:3)
  2 bullfrogs
  A scorpion (D:7)
  2 wights (D:8)
  2 howler monkeys
  3 crimson imps
  A bullfrog zombie (D:7)
  A centaur zombie (D:7)
  4 hounds
  3 bullfrog skeletons
  3 jellies
  4 orc priests
  2 centaur skeletons
  Jessica (D:2)
  4 iguanas
  8 worker ants
  5 orc wizards
  Robin (D:2)
  11 adders
  5 river rats
  A shadow imp (D:7)
  An ooze (D:3)
  An adder skeleton (D:5)
  An adder zombie (D:5)
  5 worms
  3 dart slugs
  5 leopard geckos
  30 orcs
  6 giant cockroaches
  9 hobgoblins
  9 jackals
  A quokka (D:2)
  6 ball pythons
  6 bats
  14 frilled lizards
  24 goblins
  13 kobolds
  2 quokka skeletons (D:5)
  A quokka zombie (D:5)
  10 rats
221 creatures vanquished.

Vanquished Creatures (others)
  An orc (D:8)
  A giant cockroach (D:8)
2 creatures vanquished.

Grand Total: 223 creatures vanquished
